 Dungeon Crawl Stone Soup version 0.22-a0-414-gacd343e8ff (webtiles) character file.

185 Manul the Covert (level 5, -3/34 HPs)
             Began as an Octopode Assassin on May 13, 2018.
             Splashed by a jelly's acid (7 damage)
             ... on level 3 of the Dungeon.
             The game lasted 00:02:14 (2306 turns).

Manul the Covert (Octopode Assassin)                Turns: 2306, Time: 00:02:15

Health: -3/34      AC: -7    Str: 11    XL:     5   Next: 64%
Magic:  5/5        EV: 13    Int: 13    God:
Gold:   135        SH:  0    Dex: 14    Spells: 4/4 levels left

rFire    . . .     SeeInvis .   a - +2 dagger
rCold    . . .     Gourm    .   (no shield)
rNeg     . . .     Faith    .   (helmet restricted)
rPois    .         Spirit   .   (no amulet)
rElec    .         Reflect  .   (no ring)
rCorr    .         Harm     .   (no ring)
MR       .....                  (no ring)
Stlth    +++++.....             (no ring)
HPRegen  0.11/turn              (no ring)
MPRegen  0.09/turn              (no ring)
                                (no ring)
                                (no ring)

@: corroded
A: almost no armour, stealthy swim, amphibious, 8 rings, constrict 8, camouflage
1, gelatinous body 1
a: no special abilities


You were on level 3 of the Dungeon.
You were not hungry.

You visited 1 branch of the dungeon, and saw 3 of its levels.

You collected 135 gold pieces.

Inventory:

Hand Weapons
 a - a +2 dagger (weapon)
 b - a +0 blowgun
Missiles
 c - 15 poisoned needles
 d - 2 curare-tipped needles
 g - 4 needles of confusion
Armour
 s - a +0 shield
Scrolls
 h - 3 scrolls of fog {unknown}
 j - a scroll of remove curse {unknown}
 n - 3 scrolls of identify {unknown}
 o - 2 scrolls of amnesia {unknown}
 t - 3 scrolls of teleportation {unknown}
Potions
 e - a potion of mutation {unknown}
 k - 2 potions of heal wounds {unknown}
 l - a potion of resistance {unknown}
 m - 2 potions of haste {unknown}
 p - 2 potions of magic {unknown}
 q - a potion of curing {unknown}
 r - a potion of berserk rage {unknown}
 u - a potion of ambrosia {unknown}
Comestibles
 f - 9 rations


   Skills:
 + Level 2.2 Fighting
 + Level 2.6 Short Blades
 - Level 2.0 Throwing
 + Level 1.8 Dodging
 * Level 8.5 Stealth
 * Level 0.2 Shields


You had 4 spell levels left.
You didn't know any spells.
Your spell library was empty.

Dungeon Overview and Level Annotations

Branches:
Dungeon (3/15)

Altars:
Ashenzari
Sif Muna
Yredelemnul


Innate Abilities, Weirdness & Mutations

You cannot wear most types of armour.
You are very stealthy in the water. (Stealth+)
You are amphibious.
You can wear up to eight rings at the same time.
You can use your tentacles to constrict eight enemies at once.
Your skin changes colour to match your surroundings (Stealth+).
Your rubbery body absorbs attacks. (AC +1, EV +1)


Message History

The kobold shouts!
You hit the jelly.
Your tentacles burn!
The jelly is moderately wounded.
The kobold throws a stone.
The stone hits you but does no damage.
You hit the jelly.
Your tentacles burn!
You squeeze the jelly.
The jelly is heavily wounded.
The bat barely misses you. The jelly hits you.
You are splashed with acid!
The acid burns!
The kobold throws a stone.
The stone barely misses you.
You hit the jelly.
Your tentacles burn!
The jelly is severely wounded.
The bat hits you but does no damage. The jelly hits you. The acid corrodes you!
You are splashed with acid!
The acid burns!
* * * LOW HITPOINT WARNING * * *
The bat barely misses you.
The kobold throws a stone.
The stone hits you.
* * * LOW HITPOINT WARNING * * *
The bat barely misses you. The jelly hits you.
* * * LOW HITPOINT WARNING * * *
The acid corrodes you!
You are splashed with acid!
The acid burns!
You die...

..'.....#........# #.# #.
.##.....#....K...# #.# ##
.##.....#........# #.#
.......##........# #.###
.......##........###. #...#
.......##.........##.# ###.###
.......##.........##.# #...#
.......##.....(J..##.# ####.#
#......#.......b@.##.# #....#
#......#.......##.##.### ###.####
.......#.......##..#.#.# #...#
.......#.......#...#...###.#.....
.......#.......#.....#.#.#)#.####
.......#.......#.........)รท....#
.......#.......#......##....#...#
..######.......#.................
..# ###..>..#........#


You could see a jelly, a bat and a kobold.

Vanquished Creatures
  Terence (D:2)
  3 gnolls
  6 adders
  An ooze (D:2)
  A worm (D:2)
  5 dart slugs
  3 leopard geckos
  An orc (D:3)
  6 bats
  3 giant cockroaches
  9 goblins
  8 hobgoblins
  A kobold (D:3)
  2 quokkas
  3 frilled lizards
  6 rats
59 creatures vanquished.

Notes
Turn   | Place    | Note
-------+----------+-------------------------------------------
     0 | D:1      | Manul the Octopode Assassin began the quest for the Orb.
     0 | D:1      | Reached XP level 1. HP: 14/14 MP: 1/1
   136 | D:1      | Reached XP level 2. HP: 18/19 MP: 2/2
   185 | D:1      | Reached skill level 6 in Stealth
   647 | D:1      | Reached XP level 3. HP: 23/24 MP: 3/3
   912 | D:2      | Noticed Terence
   917 | D:2      | Reached skill level 7 in Stealth
   920 | D:2      | Killed Terence
   920 | D:2      | Reached XP level 4. HP: 29/29 MP: 4/4
   990 | D:2      | Found a shattered altar of Ashenzari.
  1392 | D:3      | Found a basalt altar of Yredelemnul.
  1437 | D:3      | Reached XP level 5. HP: 29/34 MP: 5/5
  1444 | D:3      | Found a deep blue altar of Sif Muna.
  1482 | D:3      | Reached skill level 8 in Stealth
  2306 | D:3      | Splashed by a jelly's acid

Vault maps used:
D:1:      dpeg_arrival_water_temple_mockup, minmay_heptomino_h4
D:2:      ashenzari_altar_1, serial_glass, glass_columns_c, glass_columns_a,
          uniq_terence
D:3:      overflow_temple_1_default, lemuel_coloured_pillars_altar

Skill      XL: |  1  2  3  4  5 |
---------------+----------------+-----
Stealth        | 6 7 8 |  8.5
Fighting       | |  2.2
Short Blades   | |  2.6
Throwing       | |  2.0
Dodging        | |  1.8
Shields        | |  0.2

Action                   |  1- 3 |  4- 6 || total
-------------------------+-------+-------++-------
Melee: Dagger            |    52 |    71 ||   123
       Tentacles         |    12 |    15 ||    27
       Constrict         |    13 |    18 ||    31
 Stab: Sleeping          |    11 |    10 ||    21
  Eat: Chunk             |       |     4 ||     4
Armor: Skin              |     1 |     4 ||     5
Dodge: Dodged            |    22 |    48 ||    70

Table legend:
 A = Spawn XP
 B = Non-spawn XP
 C = Spawn XP percentage of total XP
 D = Spawn monster count
 E = Non-spawn monster count
 F = Spawn count percentage of total count
 G = Total turns spent on level
                    A         B        C        D         E        F      G
               +---------+---------+-------+---------+---------+-------+---------
         Total |       0 |     265 |   0.0 |       0 |      59 |   0.0 |  2306
               +---------+---------+-------+---------+---------+-------+---------
           D:1 |       0 |      48 |   0.0 |       0 |      22 |   0.0 |   764
           D:2 |       0 |     107 |   0.0 |       0 |      17 |   0.0 |   597
           D:3 |       0 |     110 |   0.0 |       0 |      20 |   0.0 |   945
               +---------+---------+-------+---------+---------+-------+---------
